 Dungeon Crawl Stone Soup version 0.31-a0-876-gfe8ebadbca (webtiles) character file.

Game seed: 10939286674860255766

391 Dordric the Changeling (level 7, -1/43 HPs)
             Began as a Djinni Shapeshifter on Oct 13, 2023.
             Was an Elder of Ignis.
             Slain by a wight
             ... wielding a +4 great sword
              (5 damage)
             ... on level 4 of the Dungeon.
             The game lasted 00:06:22 (3746 turns).

Dordric the Changeling (Djinni Shapeshifter)        Turns: 3746, Time: 00:06:23

Health: -1/43      AC: 10    Str: 19    XL:     7   Next: 8%
Gold:   186        EV: 12    Int: 12    God:    Ignis [****..] SH:  5 Dex: 14

rFire   + + +        t - melded +1 flail (holy)
rCold   x . .        (shield currently unavailable)
rNeg    . . .        j - +0 leather armour
rPois   ∞            (no helmet)
rElec   .            (no cloak)
rCorr   .            (no gloves)
SInv    .            (boots unavailable)
Will    .....        w - amulet of reflection
Stlth   +            n - +6 ring of strength
HPRegen 0.27/turn    v - ring of wizardry
MPRegen 0.00/turn

%: reflection, wizardry (x1), infuse magic (-2 HP)
@: flux-form, fiery-armoured, flying, glowing
A: glow, contaminating, flying, reduced hp, sickness immunity, fire resistance
2, cold vulnerability 1, float, innate caster, HP casting, extra vitality 1
a: Begin Untransformation, Renounce Religion, Fiery Armour, Foxfire Swarm,
Rising Flame


You were on level 4 of the Dungeon.
You worshipped Ignis.
Ignis was greatly pleased with you.
You were something dangerously unstable.
You visited 1 branch of the dungeon, and saw 5 of its levels.

You collected 186 gold pieces.

Inventory:

Hand Weapons
 h - a +0 sling
 t - a +1 flail of holy wrath (melded)
Armour
 a - a +0 animal skin
 j - a +0 leather armour (worn)
Jewellery
 n - a +6 ring of strength (left hand)
 s - a ring of see invisible
 v - a ring of wizardry (right hand)
 w - an amulet of reflection (around neck)
 x - a ring of fire
Talismans
 c - a beast talisman
 d - a flux talisman (active)
Wands
 y - a wand of flame (10)
Scrolls
 e - 2 scrolls of enchant armour {unknown}
 f - a scroll of enchant weapon {unknown}
 i - a scroll of fog {unknown}
 l - 2 scrolls of revelation {unknown}
 m - 3 scrolls of identify {unknown}
 o - a scroll of noise {unknown}
 q - a scroll of blinking {unknown}
 r - a scroll of teleportation {unknown}
 z - 3 scrolls of poison {unknown}
Potions
 b - a potion of lignification
 g - 3 potions of curing {unknown}
 k - 2 potions of heal wounds {unknown}
 p - a potion of enlightenment {unknown}
 u - 2 potions of brilliance {unknown}


   Skills:
 - Level 1.0 Fighting
 - Level 2.1 Dodging
 - Level 3.0 Unarmed Combat
 + Level 6.3 Shapeshifting


You knew the following spells:

 Your Spells              Type           Power      Damage    Failure   Level
a - Slow                  Hex            0%         N/A       16%         1
b - Ensorcelled Hibernat  Hex/Ice        0%         N/A       24%         2
c - Poisonous Vapours     Pois/Air       0%         N/A       24%         2
Your spell library was empty.

Dungeon Overview and Level Annotations

Branches:
Dungeon (5/15)
 Temple: D:4-7

Altars:
Uskayaw
Ignis


Innate Abilities, Weirdness & Mutations

You are something dangerously unstable.
You glow with magical radiation, making you easy to see and hit.
Foes you strike become dangerously contaminated with magical radiation.
You are flying.
Your maximum health is decreased, since you lack skill for your form.
You are incapable of wielding weapons or throwing items.
You are immune to sickness and miasma.
You are immune to poison.
Your flesh is very heat resistant. (rF++)
You are vulnerable to cold. (rC-)
You float through the air rather than walking.
You learn spells naturally, not from books.
Your magical power is your life essence.
You have superior vitality. (+4 MHP)


Message History

Casting: Slow (safe; 16% risk of failure)
Confirm with . or Enter, or press ? or * to list all spells.
Aiming: Slow (safe; 16% risk of failure)
Press: ? - help, Shift-Dir - straight line, f - wight
Aim: a wight, wielding a +4 great sword and wearing a +0 robe (chance to affect: 32%)
The wight easily resists.
Casting: Slow (safe; 16% risk of failure)
Confirm with . or Enter, or press ? or * to list all spells.
Aiming: Slow (safe; 16% risk of failure)
Press: ? - help, Shift-Dir - straight line, f/p - wight
Aim: a wight, wielding a +4 great sword and wearing a +0 robe (chance to affect: 32%)
The wight easily resists.
Casting: Slow (safe; 16% risk of failure)
Confirm with . or Enter, or press ? or * to list all spells.
Aiming: Slow (safe; 16% risk of failure)
Press: ? - help, Shift-Dir - straight line, f/p - wight
Aim: a wight, wielding a +4 great sword and wearing a +0 robe (chance to affect: 32%)
The wight easily resists.
Things that are here:
a +0 battleaxe; a +0 robe
There is a stone staircase leading up here.
The wight hits you with a +0 great sword!
The wight closely misses you.
You fly upwards.
There is a stone staircase leading down here.
A protective cloak of flame settles atop you.
The wight closely misses you. The wight misses you.
You closely miss the wight. You block the wight's attack.
The wight hits you with a +0 great sword!
The wight is burned by your cloak of flames.
The wight is heavily damaged.
You completely miss the wight.
The wight hits you with a +4 great sword!!
Ouch! That really hurt!
* * * LOW HITPOINT WARNING * * *
The wight hits you with a +0 great sword.
* * * LOW HITPOINT WARNING * * *
You closely miss the wight.
The wight hits you with a +4 great sword.
You die...

.###############.##
.# #.# .# #.# ##
#.# #.# #.# #.#
################z#
........<......zp#
##################


You could see 2 wights.

Vanquished Creatures
  An ogre (D:3)
  A scorpion (D:4)
  A wight (D:5)
  A jelly (D:3)
  A sleepcap (D:3)
  Robin (D:2)
  3 adders
  A worm (D:2)
  4 dart slugs
  7 orcs (D:3)
  7 bats
  9 endoplasms
  3 giant cockroaches
  8 goblins
  13 hobgoblins
  4 jackals (D:2)
  A quokka (D:2)
  12 ball pythons
  4 frilled lizards
  3 kobolds
  4 rats (D:1)
89 creatures vanquished.

Vanquished Creatures (others)
  2 foxfires (D:2)
2 creatures vanquished.

Grand Total: 91 creatures vanquished

Notes
Turn   | Place    | Note
-------+----------+-------------------------------------------
     0 | D:1      | Dordric the Djinni Shapeshifter began the quest for the
                  | Orb.
     0 | D:1      | Reached XP level 1. HP: 17/17 MP: 0/0
   133 | D:1      | Reached skill level 3 in Shapeshifting
   179 | D:1      | Reached XP level 2. HP: 19/22 MP: 0/0
   317 | D:1      | Reached XP level 3. HP: 21/27 MP: 0/0
   317 | D:1      | Learned a level 1 spell: Slow
   783 | D:2      | Found a faded altar of an unknown god.
   786 | D:2      | Prayed at the altar of an unknown god.
   786 | D:2      | Became a worshipper of Ignis, the Dying Flame
  1060 | D:2      | Noticed Robin
  1074 | D:2      | Killed Robin
  1075 | D:2      | Reached skill level 4 in Shapeshifting
  1075 | D:2      | Reached XP level 4. HP: 26/32 MP: 0/0
  1402 | D:2      | Reached XP level 5. HP: 37/37 MP: 0/0
  1402 | D:2      | Learned a level 2 spell: Ensorcelled Hibernation
  1875 | D:3      | Reached skill level 5 in Shapeshifting
  2008 | D:3      | Found a hide-covered altar of Uskayaw.
  2522 | D:3      | Reached XP level 6. HP: 32/42 MP: 0/0
  2697 | D:3      | Noticed an ogre
  2710 | D:3      | Killed an ogre
  3255 | D:4      | Reached skill level 6 in Shapeshifting
  3712 | D:5      | Entered Level 5 of the Dungeon
  3723 | D:5      | Reached XP level 7. HP: 40/47 MP: 0/0
  3723 | D:5      | Learned a level 2 spell: Poisonous Vapours
  3746 | D:4      | Slain by a wight

Illustrated notes

Levels and vault maps discovered:
D:1:      minmay_arrival_plants_in_alcoves, layout_basic
D:2:      layout_loops_ring, nicolae_ecumenical_oubliette, uniq_robin
D:3:      layout_basic, lemuel_tele_altar, kennysheep_generic_room_14
D:4:      layout_basic, hangedman_abyss_or_decor_jellyfish_corner
D:5:      layout_cave_pools, tso_oasis_becter, lightli_minifort, uniq_duvessa

Skill      XL: |  1  2  3  4  5  6 |
---------------+-------------------+-----
Shapeshifting  | 3 4 5 6 |  6.3
Fighting       | |  1.0
Dodging        | |  2.1
Unarmed Combat | |  3.0

Action                     |  1- 3 |  4- 6 |  7- 9 || total
---------------------------+-------+-------+-------++-------
  Melee: Unarmed           |    17 |    25 |     3 ||    45
         Flail             |       |    28 |       ||    28
         Punch             |       |     1 |       ||     1
   Fire: Sling             |    95 |    92 |       ||   187
   Cast: Slow              |       |     4 |     3 ||     7
 Invoke: Fiery Armour      |     1 |       |     1 ||     2
         Foxfire Swarm     |     1 |       |       ||     1
 Armour: Animal skin       |    24 |       |       ||    24
         Leather armour    |    48 |    44 |     5 ||    97
  Dodge: Dodged            |    74 |    65 |     3 ||   142
  Block: Other             |       |     2 |     1 ||     3
   Form: Flux              |       |     1 |       ||     1

Table legend: (Time is in decaauts)
 A = Elapsed time spent in this place.
 B = Non-inter-level travel time spent in this place.
 C = Inter-level travel time spent in this place.
 D = Time resting spent in this place.
 E = Time spent auto-exploring this place.
 F = Levels seen in this place.
 G = Mean time per level.
                   A        B        C        D        E       F      G
               +--------+--------+--------+--------+--------+-----+--------+
         Total |   3835 |   3580 |    255 |      8 |   2929 |   5 |  767.0 |
       Dungeon |   3835 |   3580 |    255 |      8 |   2929 |   5 |  767.0 |
               +--------+--------+--------+--------+--------+-----+--------+

Top non-repeatable levels by time:
     D:3: 1262 daAuts
     D:1: 944 daAuts
     D:4: 857 daAuts
     D:2: 742 daAuts
     D:5: 28 daAuts
